 Dungeon Crawl Stone Soup version 0.23-a0-644-gb60d84b (webtiles) character file.

9031 zishaf the Thaumaturge (level 11, -3/81 HPs)
             Began as a Gnoll Wizard on Jan 1, 2019.
             Was an Elder of Sif Muna.
             Slain by an eight-headed hydra (6 damage)
             ... on level 2 of the Lair of Beasts.
             The game lasted 00:32:20 (16221 turns).

zishaf the Thaumaturge (Gnoll Wizard)              Turns: 16221, Time: 00:32:21

Health: -3/81      AC: 11    Str:  9    XL:     11   Next: 40%
Magic:  24/24      EV:  2    Int: 24    God:    Sif Muna [****..]
Gold:   245        SH:  0    Dex: 14    Spells: 17/29 levels left

rFire    + . .     SeeInvis .   t - +6 short sword (venom)
rCold    + . .     Gourm    .   (no shield)
rNeg     + + +     Faith    .   r - +3 leather armour
rPois    ∞         Spirit   .   g - +0 helmet
rElec    .         Reflect  .   s - +0 cloak
rCorr    .         Harm     .   w - +1 pair of gloves
MR       .....                  (no boots)
Stlth    +++.......             H - amulet of the acrobat
HPRegen  0.23/turn              z - ring of protection from fire
MPRegen  0.19/turn              o - ring of protection from cold

@: petrified, divine energy
A: distributed training, fangs 1, strong nose
a: Stop Divine Energy, Channel Magic, Forget Spell, Renounce Religion


You were on level 2 of the Lair of Beasts.
You worshipped Sif Muna.
Sif Muna was greatly pleased with you.
You were not hungry.

You visited 2 branches of the dungeon, and saw 13 of its levels.
You also visited: Ossuary.

You collected 621 gold pieces.
You spent 376 gold pieces at shops.

Inventory:

Hand Weapons
 t - a +6 short sword of venom (weapon)
Armour
 g - a +0 helmet (worn)
 r - a +3 leather armour (worn)
 s - a +0 cloak (worn)
 w - a +1 pair of gloves (worn)
Jewellery
 e - an uncursed ring of resist corrosion
 o - a ring of protection from cold (right hand)
 y - an uncursed amulet of regeneration
 z - a ring of protection from fire (left hand)
 C - an uncursed ring of protection from cold
 H - an amulet of the acrobat (around neck)
 R - an uncursed ring of protection from fire
Wands
 j - a wand of flame (16)
 I - a wand of clouds (4)
 J - a wand of scattershot (6)
 L - a wand of iceblast (26)
 M - a wand of polymorph (6)
 O - a wand of disintegration (7)
 U - a wand of random effects (20)
Scrolls
 a - 3 scrolls of teleportation {unknown}
 c - a scroll of acquirement {unknown}
 h - a scroll of magic mapping
 i - 2 scrolls of enchant weapon {unknown}
 k - 3 scrolls of fear {unknown}
 l - 5 scrolls of remove curse
 m - 3 scrolls of noise {unknown}
 n - 2 scrolls of amnesia {unknown}
 p - 2 scrolls of fog {unknown}
 q - 4 scrolls of enchant armour
 D - 2 scrolls of immolation {unknown}
 K - a scroll of blinking {unknown}
 P - a scroll of torment {unknown}
 S - 2 scrolls of identify
Potions
 b - 4 potions of brilliance
 f - 3 potions of haste
 u - a potion of ambrosia {unknown}
 v - 5 potions of curing
 x - 2 potions of invisibility
 A - 3 potions of cancellation
 B - 2 potions of heal wounds
 E - 2 potions of magic
 F - 3 potions of might
 G - a potion of resistance
 N - 2 potions of mutation
 Q - 2 potions of agility
Comestibles
 d - 8 rations


   Skills:
 + Level 6.1 Fighting
 + Level 6.1 Short Blades
 + Level 6.1 Long Blades
 + Level 6.1 Axes
 + Level 6.1 Maces & Flails
 + Level 6.1 Polearms
 + Level 6.1 Staves
 + Level 6.1 Slings
 + Level 6.1 Bows
 + Level 6.1 Crossbows
 + Level 6.1 Throwing
 + Level 6.1 Armour
 + Level 7.7 Dodging
 + Level 7.5 Stealth
 + Level 6.1 Shields
 + Level 6.1 Unarmed Combat
 + Level 9.5 Spellcasting
 + Level 5.5 Conjurations
 + Level 5.1 Hexes
 + Level 5.1 Charms
 + Level 5.5 Summonings
 + Level 5.1 Necromancy
 + Level 5.5 Translocations
 + Level 5.1 Transmutations
 + Level 5.1 Fire Magic
 + Level 5.1 Ice Magic
 + Level 5.1 Air Magic
 + Level 5.1 Earth Magic
 + Level 5.1 Poison Magic
 + Level 6.7 Invocations
 + Level 6.1 Evocations


You had 17 spell levels left.
You knew the following spells:

 Your Spells              Type           Power        Failure   Level  Hunger
a - Magic Dart            Conj           ####         1%          1    None
b - Call Imp              Summ           #####...     1%          2    None
c - Conjure Flame         Conj/Fire      #####...     2%          3    None
d - Blink                 Tloc           N/A          1%          2    None
e - Confusing Touch       Hex            #####.       1%          1    None
z - Mephitic Cloud        Conj/Pois/Air  #####...     2%          3    None

Your spell library contained the following spells:

 Spells                   Type           Power        Failure   Level  Hunger
 Animate Skeleton         Necr           N/A          1%          1    None
 Apportation              Tloc           #####.       1%          1    None
 Summon Small Mammal      Summ           ####         1%          1    None
 Slow                     Hex            #####...     1%          2    None
 Confuse                  Hex            #####...     2%          3    None
 Gell's Gravitas          Tloc           #####.....   2%          3    None
 Petrify                  Tmut/Erth      #####...     9%          4    ##.....
 Metabolic Englaciation   Hex/Ice        #####.....   26%         5    ####...
 Yara's Violent Unravell  Hex/Tmut       #####.....   26%         5    ####...


Dungeon Overview and Level Annotations

Branches:
Dungeon (11/15)            Temple (0/1) D:7            Lair (2/6) D:8
    Orc (0/2) D:9
  Swamp: Lair:2-4    Shoals: Lair:2-4     Snake: Lair:2-4    Spider: Lair:2-4

Altars:
Dithmenos
Sif Muna
Trog
Zin

Shops:
D:4 ?}}[!   D:7 (   D:10 *

Annotations:
D:6 2 transporters


Innate Abilities, Weirdness & Mutations

Your experience applies equally to all skills.
You have very sharp teeth.
Your uncanny sense of smell can sniff out nearby items.


Message History

The eight-headed hydra bites you! The eight-headed hydra bites you.
The eight-headed hydra barely misses you. x2
The eight-headed hydra misses you. x2; You have turned to stone.
The swamp worm bites you! The basilisk gazes at you.
The eight-headed hydra bites you!
* * * LOW HITPOINT WARNING * * *
The eight-headed hydra bites you. x2; The eight-headed hydra bites you!
* * * LOW HITPOINT WARNING * * *
The eight-headed hydra bites you!
* * * LOW HITPOINT WARNING * * *
The eight-headed hydra bites you but does no damage.
The eight-headed hydra bites you. x2
* * * LOW HITPOINT WARNING * * *
The swamp worm bites you!
* * * LOW HITPOINT WARNING * * *
The basilisk gazes at you.
The eight-headed hydra bites you but does no damage.
The eight-headed hydra bites you!
You die...

##......#.# ##.#......#
##......## #.........#
#..#.#...######.....)......
.. ###..w.#.#.........###..
. ##..............## ..#
#.............## .#
##..........P##.##
#...lw..........#
#...@D............
#.....D...#.#####..
#..#........##
..#.##P...#..P# .###
##.......P# .P #<........#
#.....###.# ....... #..
...#...# ##


You could see 2 eight-headed hydras, a basilisk and 2 swamp worms.

Vanquished Creatures
  A two-headed ogre (D:10)
  A spiny frog (Lair:2)
  2 komodo dragons (Lair:1)
  A troll (D:10)
  2 hippogriffs
  8 yaks
  A hungry ghost (D:9)
  3 wargs
  4 water moccasins (Lair:1)
  Duvessa (D:5)
  An ice beast (D:9)
  3 orc warriors
  A sky beast (D:8)
  3 ogres
  2 phantoms
  4 centaurs
  3 crocodiles
  A big kobold (D:11)
  3 bullfrogs
  A water moccasin zombie (D:9)
  Dowan (D:5)
  2 scorpions
  A wyvern skeleton (D:6)
  9 wights
  A crimson imp (D:8)
  2 bullfrog zombies
  A quasit (D:7)
  3 centaur zombies
  4 orc priests
  6 hounds
  A bullfrog skeleton (D:5)
  11 orc wizards
  A centaur skeleton (D:5)
  5 worker ants
  Natasha (D:2)
  An iguana (D:7)
  A killer bee zombie (D:5)
  4 hound zombies
  11 mummies (Ossuary)
  A howler monkey zombie (D:6)
  A worker ant zombie (Ossuary)
  Robin (D:2)
  A howler monkey skeleton (D:6)
  7 adders
  A shadow imp (D:7)
  3 oozes
  4 adder zombies (Ossuary)
  An adder skeleton (D:8)
  3 worms
  A dart slug (D:3)
  8 leopard geckos
  24 orcs
  6 giant cockroaches
  13 goblins
  5 hobgoblins
  11 jackals
  8 quokkas
  A ball python (D:4)
  3 bats
  10 frilled lizards
  A jackal zombie (Ossuary)
  8 kobolds
  A leopard gecko skeleton (D:5)
  3 rats
238 creatures vanquished.

Vanquished Creatures (collateral kills)
  A gargoyle (D:8)
  The ghost of cybersaint2k the Chiller, a novice HuWn of Nemelex Xobeh (D:5)
  Grinder (D:5)
  A hippogriff (D:4)
  A yak (D:10)
  An orc warrior (D:8)
  A sky beast (D:5)
  An ogre (D:4)
  An ice beast (D:7)
  A necrophage (D:10)
  A phantom (D:10)
  3 centaurs
  A big kobold (D:11)
  2 bullfrogs
  2 scorpions
  A howler monkey (D:7)
  2 crimson imps
  A hound (D:4)
  A bullfrog zombie (Ossuary)
  A bullfrog skeleton (D:6)
  An orc wizard (D:10)
  Jessica (D:2)
  Natasha (twice) (D:2)
  An iguana (D:4)
  2 worker ants
  A hound skeleton (D:6)
  4 mummies
  A worker ant zombie (Ossuary)
  2 adders (D:5)
  A shadow imp (D:6)
  An adder skeleton (D:6)
  A worm (D:4)
  2 leopard geckos (D:5)
  10 orcs
  A ball python (D:5)
  3 jackals
  3 kobolds (D:11)
  A quokka skeleton (D:7)
63 creatures vanquished.

Vanquished Creatures (others)
  An orc (D:9)
  A fungus (Lair:2)
  2 plants (Lair:2)
  2 withered plants (Ossuary)
6 creatures vanquished.

Grand Total: 307 creatures vanquished

Notes
Turn   | Place    | Note
-------+----------+-------------------------------------------
     0 | D:1      | zishaf the Gnoll Wizard began the quest for the Orb.
     0 | D:1      | Reached XP level 1. HP: 13/13 MP: 8/8
   214 | D:1      | Reached XP level 2. HP: 19/19 MP: 8/10
   238 | D:1      | Learned a level 2 spell: Call Imp
   703 | D:2      | Found a deep blue altar of Sif Muna.
   752 | D:2      | Became a worshipper of Sif Muna the Loreminder
   778 | D:2      | Reached XP level 3. HP: 25/25 MP: 8/11
   865 | D:2      | Noticed Robin
   902 | D:2      | Learned a level 2 spell: Blink
   906 | D:2      | Learned a level 3 spell: Conjure Flame
   910 | D:2      | Learned a level 3 spell: Mephitic Cloud
   951 | D:2      | Killed Robin
   951 | D:2      | Reached skill level 1 in Invocations
  1196 | D:2      | Reached skill level 1 in Fighting
  1196 | D:2      | Reached skill level 1 in Short Blades
  1196 | D:2      | Reached skill level 1 in Long Blades
  1196 | D:2      | Reached skill level 1 in Axes
  1196 | D:2      | Reached skill level 1 in Maces & Flails
  1196 | D:2      | Reached skill level 1 in Polearms
  1196 | D:2      | Reached skill level 1 in Staves
  1196 | D:2      | Reached skill level 1 in Slings
  1196 | D:2      | Reached skill level 1 in Bows
  1196 | D:2      | Reached skill level 1 in Crossbows
  1196 | D:2      | Reached skill level 1 in Throwing
  1196 | D:2      | Reached skill level 1 in Armour
  1196 | D:2      | Reached skill level 1 in Shields
  1196 | D:2      | Reached skill level 1 in Unarmed Combat
  1196 | D:2      | Reached skill level 1 in Evocations
  1482 | D:2      | Reached XP level 4. HP: 26/32 MP: 4/13
  1608 | D:2      | Noticed Natasha
  1613 | D:2      | Killed Natasha
  1719 | D:2      | Noticed Jessica
  1725 | D:2      | Killed Jessica
  1725 | D:2      | Reached skill level 1 in Hexes
  1725 | D:2      | Reached skill level 1 in Charms
  1725 | D:2      | Reached skill level 1 in Necromancy
  1725 | D:2      | Reached skill level 1 in Transmutations
  1725 | D:2      | Reached skill level 1 in Fire Magic
  1725 | D:2      | Reached skill level 1 in Ice Magic
  1725 | D:2      | Reached skill level 1 in Air Magic
  1725 | D:2      | Reached skill level 1 in Earth Magic
  1725 | D:2      | Reached skill level 1 in Poison Magic
  2150 | D:2      | Noticed Natasha
  2157 | D:2      | Killed Natasha
  2157 | D:2      | Reached XP level 5. HP: 37/37 MP: 7/14
  2277 | D:2      | Noticed Natasha
  2291 | D:2      | Killed Natasha
  2893 | D:3      | Noticed an ogre
  2949 | D:3      | Killed an ogre
  2949 | D:3      | Reached XP level 6. HP: 44/44 MP: 2/16
  3361 | D:4      | Found Duiz's Distillery.
  3361 | D:4      | Noticed a hippogriff
  3372 | D:4      | Killed a hippogriff
  3372 | D:4      | Reached * piety under Sif Muna
  3372 | D:4      | Reached skill level 5 in Dodging
  3838 | D:4      | Found Edick's Gadget Shop.
  3850 | D:4      | Found Hibef's Magic Scroll Shop.
  3934 | D:4      | Bought a scroll of identify for 28 gold pieces
  4222 | D:4      | Reached XP level 7. HP: 38/50 MP: 10/18
  4542 | D:4      | Found Tul Emil's Gadget Shoppe.
  4596 | D:4      | Found Lezyximm's Antique Armour Boutique.
  4624 | D:4      | Bought a glowing cloak for 180 gold pieces
  4852 | D:5      | Entered Level 5 of the Dungeon
  5017 | D:5      | Reached skill level 5 in Stealth
  5204 | D:5      | Found a shadowy altar of Dithmenos.
  5219 | D:5      | Reached XP level 8. HP: 22/57 MP: 15/19
  5433 | D:5      | Noticed Grinder
  5455 | D:5      | Killed Grinder
  5601 | D:5      | Found a runed gate.
  5601 | D:5      | Found a runed gate.
  5603 | D:5      | Found a runed gate.
  5607 | D:5      | Noticed cybersaint2k's ghost (novice HuWn)
  5624 | D:5      | Killed cybersaint2k's ghost
  5986 | D:5      | Noticed Duvessa
  5986 | D:5      | Noticed Dowan
  6032 | D:5      | Killed Dowan
  6332 | D:5      | Killed Duvessa
  6809 | D:5      | Reached skill level 8 in Spellcasting
  7540 | D:6      | Noticed a fire crab
  7540 | D:6      | Noticed a kobold demonologist
  7543 | D:6      | Found a transporter.
  7551 | D:6      | Noticed a kobold demonologist
  7760 | D:6      | Reached ** piety under Sif Muna
  7760 | D:6      | Reached XP level 9. HP: 40/65 MP: 21/21
  7916 | D:6      | Found a transporter.
  7927 | D:6      | Found a sand-covered staircase.
  7938 | Ossuary  | Entered an ossuary
  8822 | D:6      | Found a shadowy altar of Dithmenos.
  9236 | D:7      | Reached skill level 5 in Invocations
  9340 | D:7      | Found a glowing silver altar of Zin.
  9378 | D:7      | Found Viarphoyl's Antique Weapon Shop.
  9402 | D:7      | Found a staircase to the Ecumenical Temple.
  9668 | D:8      | Found a staircase to the Lair.
  9747 | D:8      | Noticed a gargoyle
 10059 | D:8      | Reached *** piety under Sif Muna
 10059 | D:8      | Reached XP level 10. HP: 62/73 MP: 22/22
 10509 | D:8      | Found a bloodstained altar of Trog.
 10631 | D:9      | Learned a level 1 spell: Confusing Touch
 10975 | D:9      | Reached skill level 5 in Fighting
 10975 | D:9      | Reached skill level 5 in Short Blades
 10975 | D:9      | Reached skill level 5 in Long Blades
 10975 | D:9      | Reached skill level 5 in Axes
 10975 | D:9      | Reached skill level 5 in Maces & Flails
 10975 | D:9      | Reached skill level 5 in Polearms
 10975 | D:9      | Reached skill level 5 in Staves
 10975 | D:9      | Reached skill level 5 in Slings
 10975 | D:9      | Reached skill level 5 in Bows
 10975 | D:9      | Reached skill level 5 in Crossbows
 10975 | D:9      | Reached skill level 5 in Throwing
 10975 | D:9      | Reached skill level 5 in Armour
 10975 | D:9      | Reached skill level 5 in Shields
 10975 | D:9      | Reached skill level 5 in Unarmed Combat
 10975 | D:9      | Reached skill level 5 in Evocations
 11627 | D:9      | Found a staircase to the Orcish Mines.
 11964 | D:9      | Reached skill level 9 in Spellcasting
 12199 | D:10     | Entered Level 10 of the Dungeon
 12644 | D:9      | Reached skill level 5 in Conjurations
 12644 | D:9      | Reached skill level 5 in Summonings
 12644 | D:9      | Reached skill level 5 in Translocations
 13300 | D:10     | Noticed a two-headed ogre
 13317 | D:10     | Killed a two-headed ogre
 13317 | D:10     | Reached XP level 11. HP: 54/81 MP: 14/24
 13455 | D:10     | Found Lirhinlutz's General Store.
 14610 | D:4      | Bought a smelly leather armour for 168 gold pieces
 14620 | D:4      | Identified the +0 leather armour of Filth {+Inv rF- rC++
                  | rCorr} (You bought it in a shop on level 4 of the Dungeon)
 14851 | Lair:1   | Entered Level 1 of the Lair of Beasts
 15294 | Lair:1   | Reached **** piety under Sif Muna
 15294 | Lair:1   | Reached skill level 5 in Hexes
 15294 | Lair:1   | Reached skill level 5 in Charms
 15294 | Lair:1   | Reached skill level 5 in Necromancy
 15294 | Lair:1   | Reached skill level 5 in Transmutations
 15294 | Lair:1   | Reached skill level 5 in Fire Magic
 15294 | Lair:1   | Reached skill level 5 in Ice Magic
 15294 | Lair:1   | Reached skill level 5 in Air Magic
 15294 | Lair:1   | Reached skill level 5 in Earth Magic
 15294 | Lair:1   | Reached skill level 5 in Poison Magic
 16191 | Lair:2   | Noticed an eight-headed hydra
 16201 | Lair:2   | Noticed an eight-headed hydra
 16220 | Lair:2   | HP: 2/81 [swamp worm (6)]
 16221 | Lair:2   | Slain by an eight-headed hydra

Vault maps used:
D:1:      matt_arrival_los_fun, minmay_misc_feat_ornament
D:2:      lemuel_crystal_altar, first_ration, uniq_robin, uniq_natasha,
          uniq_jessica
D:4:      serial_shops, shop, nicolae_shop_statue_plus,
          nicolae_shop_behind_doors, shop, nicolae_shop_waterfront
D:5:      cheibrodos_helix_gallery, ebering_ghost_rock_garden,
          nicolae_dithmenos_shadow_blocks, uniq_duvessa, uniq_grinder
D:6:      gammafunk_wand_slinger, lemuel_round_altar, gup_ossuary_entry_pyramid,
          grunt_tough_drop
D:7:      marbit_many_paths, minmay_temple_entry_ruins, serial_shops,
          kennysheep_little_box
D:8:      bloody_trog, lair_entry_dummy
D:9:      minmay_orc_entry_guard_dogs
D:10:     serial_shops, nicolae_shop_stone
Lair:1:   infiniplex_staircase_pool
Lair:2:   palyth_hydra_swamp_entry, uniq_gastronok
Ossuary:  ossuary_zaba_flooded

Skill      XL: |  1  2  3  4  5  6  7  8  9 10 11 |
---------------+----------------------------------+-----
Conjurations   | 2 3 4 5 |  5.5
Summonings     | 2 3 4 5 |  5.5
Translocations | 2 3 4 5 |  5.5
Invocations    | 1 2 3 4 5 6 |  6.7
Fighting       | 1 2 3 4 5 6 |  6.1
Short Blades   | 1 2 3 4 5 6 |  6.1
Long Blades    | 1 2 3 4 5 6 |  6.1
Axes           | 1 2 3 4 5 6 |  6.1
Maces & Flails | 1 2 3 4 5 6 |  6.1
Polearms       | 1 2 3 4 5 6 |  6.1
Staves         | 1 2 3 4 5 6 |  6.1
Slings         | 1 2 3 4 5 6 |  6.1
Bows           | 1 2 3 4 5 6 |  6.1
Crossbows      | 1 2 3 4 5 6 |  6.1
Throwing       | 1 2 3 4 5 6 |  6.1
Armour         | 1 2 3 4 5 6 |  6.1
Shields        | 1 2 3 4 5 6 |  6.1
Unarmed Combat | 1 2 3 4 5 6 |  6.1
Evocations     | 1 2 3 4 5 6 |  6.1
Hexes          | 1 2 3 4 5 |  5.1
Charms         | 1 2 3 4 5 |  5.1
Necromancy     | 1 2 3 4 5 |  5.1
Transmutations | 1 2 3 4 5 |  5.1
Fire Magic     | 1 2 3 4 5 |  5.1
Ice Magic      | 1 2 3 4 5 |  5.1
Air Magic      | 1 2 3 4 5 |  5.1
Earth Magic    | 1 2 3 4 5 |  5.1
Poison Magic   | 1 2 3 4 5 |  5.1
Dodging        | 5 6 7 |  7.7
Stealth        | 5 6 7 |  7.5
Spellcasting   | 8 9 |  9.5

Action                   |  1- 3 |  4- 6 |  7- 9 | 10-12 || total
-------------------------+-------+-------+-------+-------++-------
Melee: Unarmed           |     1 |       |       |       ||     1
       Dagger            |       |    40 |       |       ||    40
       Bite              |       |     7 |    39 |    29 ||    75
       Whip              |       |    47 |   142 |       ||   189
       Punch             |       |       |     6 |     2 ||     8
       Short sword       |       |       |   388 |   329 ||   717
 Cast: Magic Dart        |    99 |    74 |     8 |       ||   181
       Conjure Flame     |     1 |     3 |     1 |       ||     5
       Mephitic Cloud    |     1 |     1 |     3 |     7 ||    12
       Call Imp          |       |    27 |   110 |   116 ||   253
       Blink             |       |       |     1 |    14 ||    15
       Confusing Touch   |       |       |       |     4 ||     4
Invok: Divine Energy     |       |     1 |       |       ||     1
       Channel Magic     |       |       |       |     2 ||     2
Evoke: Wand              |       |       |       |     1 ||     1
  Use: Scroll            |       |     4 |     8 |     4 ||    16
       Potion            |       |       |     1 |       ||     1
 Stab: Distracted        |       |     2 |     3 |     6 ||    11
       Sleeping          |       |     1 |     9 |     8 ||    18
       Confused          |       |       |     1 |     8 ||     9
  Eat: Chunk             |     1 |     9 |    11 |    12 ||    33
       Ration            |       |       |     2 |     5 ||     7
Armor: Robe              |    11 |     6 |       |       ||    17
       Leather armour    |       |    11 |   160 |   113 ||   284
Dodge: Dodged            |    38 |    62 |   358 |   275 ||   733

Table legend:
 A = Non-vault XP
 B = Vault XP
 C = Vault XP percentage of total XP
 D = Non-vault monster count
 E = Vault monster count
 F = Vault count percentage of total count
                 A         B        C        D         E       F
            +---------+---------+-------+---------+---------+-------
      Total |   10975 |    1927 |  14.9 |     250 |      51 |  16.9
            +---------+---------+-------+---------+---------+-------
        D:1 |      31 |       0 |   0.0 |      16 |       0 |   0.0
        D:2 |      74 |      78 |  51.3 |      19 |      10 |  34.5
        D:3 |     176 |       0 |   0.0 |      22 |       0 |   0.0
        D:4 |     492 |       0 |   0.0 |      27 |       0 |   0.0
        D:5 |     428 |     657 |  60.6 |      19 |       6 |  24.0
        D:6 |    1000 |     115 |  10.3 |      21 |       4 |  16.0
        D:7 |     708 |       0 |   0.0 |      24 |       0 |   0.0
        D:8 |    1076 |     120 |  10.0 |      25 |       1 |   3.8
        D:9 |    1804 |     320 |  15.1 |      28 |       2 |   6.7
       D:10 |    2363 |       0 |   0.0 |      26 |       0 |   0.0
       D:11 |     333 |       0 |   0.0 |       9 |       0 |   0.0
     Lair:1 |    1350 |       0 |   0.0 |       9 |       0 |   0.0
     Lair:2 |    1140 |       0 |   0.0 |       5 |       0 |   0.0
    Ossuary |       0 |     637 | 100.0 |       0 |      28 | 100.0
            +---------+---------+-------+---------+---------+-------
